 Dungeon Crawl Stone Soup version 0.28.0-47-ge53b351184 (webtiles) character file.

Game seed: 9748350269728385864

172 Ablot the Cutter (level 5, -7/47 HPs)
             Began as a Gnoll Chaos Knight on Apr 27, 2022.
             Was a Plaything of Xom.
             Mangled by a gnoll
             ... wielding a +0 halberd
              (12 damage)
             ... on level 3 of the Dungeon.
             The game lasted 00:02:43 (2409 turns).

Ablot the Cutter (Gnoll Chaos Knight)               Turns: 2409, Time: 00:02:44

Health: -7/47      AC:  6    Str: 13    XL:     5   Next: 53%
Magic:  7/7        EV: 12    Int: 12    God:    Xom [.....*]
Gold:   125        SH:  0    Dex: 11    Spells: 7/7 levels left

rFire   . . .      SeeInvis .   a - +0 short sword (chaos)
rCold   . . .      Faith    .   (no shield)
rNeg    . . .      Spirit   .   b - +2 leather armour
rPois   .          Reflect  .   (no helmet)
rElec   .          Harm     .   g - +0 cloak
rCorr   .          Rampage  .   (no gloves)
Will    .....                   (no boots)
Stlth   +.........              (no amulet)
HPRegen 0.15/turn               (no ring)
MPRegen 0.10/turn               (no ring)

@: no status effects
A: fangs 1, strong nose, distributed training
a: Renounce Religion


You were on level 3 of the Dungeon.
You worshipped Xom.
You were Xom's teddy bear.
You visited 1 branch of the dungeon, and saw 3 of its levels.

You collected 125 gold pieces.

Inventory:

Hand Weapons
 a - a +0 short sword of chaos (weapon)
 p - the +11 short sword "Zaxi" {antimagic, rF++ Int+2 Dex-4}
   (You found it on level 2 of the Dungeon)

   It reduces the magical energy of the wielder, and disrupts the spells and
   magical abilities of those it strikes.
   Natural abilities and divine invocations are not affected.
   Int:       It affects your intelligence (+2).
   Dex:       It affects your dexterity (-4).
   rF:        It greatly protects you from fire.
Missiles
 d - 64 stones (quivered)
 j - 22 bolts
 m - 44 sling bullets
 o - 16 arrows
Armour
 b - a +2 leather armour (worn)
 g - a +0 cloak (worn)
Scrolls
 c - a scroll of immolation {unknown}
 i - a scroll of teleportation {unknown}
 k - 2 scrolls of noise {unknown}
 n - a scroll of enchant armour {unknown}
Potions
 e - a potion of heal wounds {unknown}
 f - a potion of mutation {unknown}
 h - a potion of invisibility {unknown}
 l - a potion of might {unknown}
 q - a potion of cancellation {unknown}


   Skills:
 + Level 6.7 Fighting
 + Level 6.7 Short Blades
 + Level 1.5 Long Blades
 + Level 1.5 Axes
 + Level 1.5 Maces & Flails
 + Level 1.5 Polearms
 + Level 1.5 Staves
 + Level 1.5 Slings
 + Level 1.5 Bows
 + Level 1.5 Crossbows
 + Level 1.5 Throwing
 + Level 4.8 Armour
 + Level 3.0 Dodging
 + Level 1.5 Stealth
 + Level 1.5 Shields
 + Level 1.5 Unarmed Combat
 + Level 1.5 Spellcasting
 + Level 1.2 Conjurations
 + Level 1.2 Hexes
 + Level 1.2 Summonings
 + Level 1.2 Necromancy
 + Level 1.2 Translocations
 + Level 1.2 Transmutations
 + Level 1.2 Fire Magic
 + Level 1.2 Ice Magic
 + Level 1.2 Air Magic
 + Level 1.2 Earth Magic
 + Level 1.2 Poison Magic
 + Level 1.7 Invocations
 + Level 1.5 Evocations


You had 7 spell levels left.
You didn't know any spells.
Your spell library was empty.

Dungeon Overview and Level Annotations

Branches:
Dungeon (3/15)

Altars:


Innate Abilities, Weirdness & Mutations

You have very sharp teeth.
Your uncanny sense of smell can sniff out nearby items.
Your experience applies equally to all skills.


Message History

You hit the gnoll but do no damage. The gnoll hits you with a +0 spear.
The gnoll hits you from afar with a +0 spear.
You hit the gnoll.
The gnoll is lightly wounded.
The gnoll hits you with a +0 spear. The gnoll misses you.
You hit the gnoll.
The gnoll is poisoned.
Your bite misses the gnoll.
The gnoll is heavily wounded.
You hit the gnoll. You burn the gnoll.
The gnoll is almost dead.
The gnoll hits you with a +0 spear. The gnoll barely misses you.
You hit the gnoll. You freeze the gnoll.
You kill the gnoll!
The gnoll hits you but does no damage.
Unknown command.
The gnoll misses you. The gnoll barely misses you.
Things that are here:
a +0 spear; a stone; a gnoll corpse You hit the gnoll but do no damage.
You punch the gnoll.
The gnoll is moderately wounded.
The gnoll closely misses you. The gnoll hits you but does no damage.
You barely miss the gnoll.
The gnoll is moderately wounded.
The gnoll hits you from afar with a +0 halberd.
The gnoll hits you but does no damage.
You closely miss the gnoll. You bite the gnoll.
The gnoll is moderately wounded.
The gnoll hits you from afar with a +0 halberd!
You closely miss the gnoll.
The gnoll is moderately wounded.
The gnoll hits you but does no damage.
The gnoll hits you from afar with a +0 halberd!
* * * LOW HITPOINT WARNING * * *
You hit the gnoll.
The gnoll is almost dead.
The gnoll hits you with a +0 spear.
* * * LOW HITPOINT WARNING * * *
You barely miss the gnoll.
The gnoll is almost dead.
The gnoll hits you from afar with a +0 halberd!
You die...

#....#********#
#....###### ##
#....##...# #.
######...#...####.
#(...g............
#.###..##..###.###
#g# ##.#..##.#.# #
#g# #..†.#.##)#
#@# ##.....##).#
#)# #..##.....##
#.# #.##.#...##
#.###.#.##..##
#.##..###..##
#.##......##
#.##....###
#.##.#### #.#..#


You could see 2 gnolls.

Vanquished Creatures
  Natasha (thrice) (D:2)
  2 gnolls (D:3)
  2 adders
  2 worms
  2 dart slugs (D:3)
  An orc (D:3)
  8 ball pythons
  5 bats
  4 endoplasms
  A giant cockroach (D:1)
  4 goblins
  5 hobgoblins
  8 kobolds
  2 frilled lizards
  4 rats
53 creatures vanquished.

Notes
Turn   | Place    | Note
-------+----------+-------------------------------------------
     0 | D:1      | Ablot the Gnoll Chaos Knight began the quest for the Orb.
     0 | D:1      | Reached XP level 1. HP: 23/23 MP: 1/1
   116 | D:1      | XOM: silly message
   250 | D:1      | Reached XP level 2. HP: 20/29 MP: 2/2
   985 | D:2      | XOM: potion effect (berserk rage)
   991 | D:2      | Reached XP level 3. HP: 35/35 MP: 2/4
  1029 | D:2      | Noticed Natasha
  1040 | D:2      | Killed Natasha
  1041 | D:2      | Reached skill level 1 in Long Blades
  1041 | D:2      | Reached skill level 1 in Axes
  1041 | D:2      | Reached skill level 1 in Maces & Flails
  1041 | D:2      | Reached skill level 1 in Polearms
  1041 | D:2      | Reached skill level 1 in Staves
  1041 | D:2      | Reached skill level 1 in Slings
  1041 | D:2      | Reached skill level 1 in Bows
  1041 | D:2      | Reached skill level 1 in Crossbows
  1041 | D:2      | Reached skill level 1 in Throwing
  1041 | D:2      | Reached skill level 1 in Stealth
  1041 | D:2      | Reached skill level 1 in Shields
  1041 | D:2      | Reached skill level 1 in Unarmed Combat
  1041 | D:2      | Reached skill level 1 in Spellcasting
  1041 | D:2      | Reached skill level 1 in Invocations
  1041 | D:2      | Reached skill level 1 in Evocations
  1041 | D:2      | Reached XP level 4. HP: 35/41 MP: 5/5
  1107 | D:2      | Noticed Natasha
  1127 | D:2      | Killed Natasha
  1306 | D:2      | Reached skill level 1 in Conjurations
  1306 | D:2      | Reached skill level 1 in Hexes
  1306 | D:2      | Reached skill level 1 in Summonings
  1306 | D:2      | Reached skill level 1 in Necromancy
  1306 | D:2      | Reached skill level 1 in Translocations
  1306 | D:2      | Reached skill level 1 in Transmutations
  1306 | D:2      | Reached skill level 1 in Fire Magic
  1306 | D:2      | Reached skill level 1 in Ice Magic
  1306 | D:2      | Reached skill level 1 in Air Magic
  1306 | D:2      | Reached skill level 1 in Earth Magic
  1306 | D:2      | Reached skill level 1 in Poison Magic
  1553 | D:2      | Noticed Natasha
  1560 | D:2      | Killed Natasha
  1568 | D:2      | Reached XP level 5. HP: 25/47 MP: 6/6
  1585 | D:2      | XOM: divination: detect creatures
  1720 | D:2      | XOM: silly message
  2019 | D:2      | XOM: cloud trail
  2033 | D:2      | Identified the +11 short sword "Zaxi" {antimagic, rF++
                  | Int+2 Dex-4}
  2043 | D:2      | XOM: god gift: grey potion {god gift}
  2305 | D:3      | XOM: divination: magic mapping
  2409 | D:3      | Mangled by a gnoll

Illustrated notes

Levels and vault maps discovered:
D:1:      dpeg_arrival_three_bigger_balls, layout_rooms,
          hangedman_decor_riveting, minivault_26, grunt_decor_mini_mirrors,
          minmay_distorted
D:2:      layout_basic, kennysheep_generic_room_11, uniq_natasha
D:3:      layout_rooms, serial_shops, shop, minmay_bisected, uniq_grinder,
          uniq_sigmund, uniq_ijyb

Skill      XL: |  1  2  3  4  5 |
---------------+----------------+-----
Long Blades    | 1 |  1.5
Axes           | 1 |  1.5
Maces & Flails | 1 |  1.5
Polearms       | 1 |  1.5
Staves         | 1 |  1.5
Slings         | 1 |  1.5
Bows           | 1 |  1.5
Crossbows      | 1 |  1.5
Throwing       | 1 |  1.5
Stealth        | 1 |  1.5
Shields        | 1 |  1.5
Unarmed Combat | 1 |  1.5
Spellcasting   | 1 |  1.5
Invocations    | 1 |  1.7
Evocations     | 1 |  1.5
Conjurations   | 1 |  1.2
Hexes          | 1 |  1.2
Summonings     | 1 |  1.2
Necromancy     | 1 |  1.2
Translocations | 1 |  1.2
Transmutations | 1 |  1.2
Fire Magic     | 1 |  1.2
Ice Magic      | 1 |  1.2
Air Magic      | 1 |  1.2
Earth Magic    | 1 |  1.2
Poison Magic   | 1 |  1.2
Dodging        | 3 |  3.0
Fighting       | |  6.7
Short Blades   | |  6.7
Armour         | |  4.8

Action                   |  1- 3 |  4- 6 || total
-------------------------+-------+-------++-------
Melee: Short sword       |    63 |   116 ||   179
       Bite              |     6 |     6 ||    12
       Punch             |     2 |     3 ||     5
Throw: Stone             |       |     3 ||     3
 Stab: Sleeping          |       |     2 ||     2
Armor: Leather armour    |    19 |    31 ||    50
Dodge: Dodged            |    41 |    60 ||   101
